 Dungeon Crawl Stone Soup version 0.16-a0-4127-g24fbb24 (webtiles) character file.

13237 timbw the Convoker (level 11, 48/48 HPs)
             Began as a Felid Summoner on Mar 3, 2015.
             Was the Champion of Sif Muna.
             Quit the game on level 3 of the Elven Halls.
             The game lasted 02:06:01 (14485 turns).

timbw the Convoker (Felid Summoner)                Turns: 14485, Time: 02:06:02

Health: 48/48      AC:  3    Str:  4    XL:     11   Next: 72%
Magic:  40/40      EV: 28    Int: 25    God:    Sif Muna [******]
Gold:   293        SH:  0    Dex: 16    Spells: 9 memorised, 0 levels left
                                        Lives:  0   Deaths: 2

rFire  . . .     SeeInvis +     (weapon unavailable)
rCold  + . .     Clarity  .     (armour unavailable)
rNeg   . . .     SustAb   .     (shield unavailable)
rPois  .         Gourm    .     (helmet unavailable)
rElec  .         Spirit   .     (cloak unavailable)
rCorr  .         Warding  .     (gloves unavailable)
rMut   .         Stasis   .     (boots unavailable)
MR     +....                    d - amulet of faith
Stlth  ++++......               e - +3 ring of intelligence
                                L - ring of magical power

@: repel missiles, quick, somewhat resistant to hostile enchantments, stealthy
A: paw claws, no armour, no weapons or thrown items, fangs 3, see invisible,
carnivore 3, speed 1, shaggy fur 3, slow metabolism 1, sharp paws
a: Channel Energy, Forget Spell, Renounce Religion


You were on level 3 of the Elven Halls.
You worshipped Sif Muna.
Sif Muna was exalted by your worship.
You were not hungry.

You visited 5 branches of the dungeon, and saw 28 of its levels.
You also visited: Labyrinth and Ice Cave.

You collected 1757 gold pieces.
You spent 1464 gold pieces at shops.

Inventory:

Jewellery
 a - an uncursed ring of teleportation
 d - an amulet of faith (around neck)
 e - a +3 ring of intelligence (right paw)
 j - an uncursed ring of wizardry
 k - an uncursed ring of fire
 l - the ring of Famogiun {Ice rPois Int+3 Slay-4}
   (You bought it in a shop on level 4 of the Orcish Mines)

   [ring of ice]

   It enhances your ice magic, and weakens your fire magic.
   It affects your intelligence (+3).
   It affects your accuracy and damage with ranged weapons and melee attacks
   (-4).
   It makes you vulnerable to fire.
   It protects you from cold.
   It protects you from poison.
 w - an uncursed ring of sustain abilities
 C - an uncursed ring of protection from magic
 D - an uncursed ring of wizardry
 J - the ring "Wafrior" {+Fly rPois MR+ Str-5}
   (You took it off a deep elf blademaster on level 3 of the Elven Halls)

   [ring of flight]

   It affects your strength (-5).
   It protects you from poison.
   It affects your resistance to hostile enchantments.
   It lets you fly.
 L - a ring of magical power (left paw)
 M - an uncursed ring of ice
Magical devices
 b - a wand of lightning (0)
 q - a wand of teleportation (5)
 y - a wand of cold (4)
 z - a wand of polymorph (13)
 A - a wand of disintegration (8)
 E - a wand of flame (9)
 K - a wand of teleportation (4)
 R - a wand of enslavement (7)
 Z - a wand of paralysis (16)
Scrolls
 f - a scroll of magic mapping
 m - 8 scrolls of teleportation
 t - 6 scrolls of remove curse
 B - a scroll of recharging
 F - a scroll of torment
 W - a scroll of identify
Potions
 g - a potion of flight
 i - 2 potions of ambrosia
 n - 3 potions of restore abilities
 o - 3 potions of magic
 r - a potion of berserk rage
 s - 5 potions of curing
 u - a potion of haste
 v - a potion of resistance
 G - a potion of heal wounds
 H - 2 potions of lignification
 O - a potion of invisibility
 Q - a potion of brilliance
 S - a potion of might
Books
 p - a book of Geomancy

   Spells                             Type                      Level
   a - Sandblast                      Earth                        1
   b - Stoneskin                      Transmutation/Earth          2
   c - Passwall                       Transmutation/Earth          3
   d - Stone Arrow                    Conjuration/Earth            3
   e - Petrify                        Transmutation/Earth          4
   f - Lee's Rapid Deconstruction     Earth                        5
 x - Sif Muna's Reference Book on Helpful Air
   (Sif Muna gifted it to you on level 7 of the Lair of Beasts)

   Spells                             Type                      Level
   a - Repel Missiles                 Charms/Air                   2
   b - Swiftness                      Charms/Air                   2
   c - Flight                         Charms/Air                   3
   d - Mephitic Cloud                 Conjuration/Poison/Air       3
   e - Summon Lightning Spire         Summoning/Air                4
   f - Freezing Cloud                 Conjuration/Ice/Air          6
 N - a book of Clouds

   Spells                             Type                      Level
   a - Mephitic Cloud                 Conjuration/Poison/Air       3
   b - Conjure Flame                  Conjuration/Fire             3
   c - Poisonous Cloud                Conjuration/Poison/Air       6
   d - Freezing Cloud                 Conjuration/Ice/Air          6
   e - Ring of Flames                 Charms/Fire                  7
 V - Sif Muna's Incunabulum of the Entourage
   (Sif Muna gifted it to you on level 8 of the Lair of Beasts)

   Spells                             Type                      Level
   a - Summon Butterflies             Summoning                    1
   b - Call Imp                       Summoning                    2
   c - Recall                         Summoning/Translocation      3
   d - Abjuration                     Summoning                    3
   e - Summon Ice Beast               Ice/Summoning                4
   f - Summon Greater Demon           Summoning                    7
Miscellaneous
 h - a plain deck of changes
 P - a sack of spiders {used: 1}
 T - a crystal ball of energy
 U - a sack of spiders {used: 1}
Comestibles
 c - 7 meat rations
 I - a royal jelly


   Skills:
 * Level 6.1 Fighting
 - Level 12.7 Dodging
 - Level 6.4 Stealth
 + Level 9.5 Spellcasting
 - Level 15.7 Summonings
 + Level 6.1 Invocations
 + Level 5.9 Evocations


You couldn't memorise any spells.
You knew the following spells:

 Your Spells              Type           Power        Failure   Level  Hunger
a - Recall                Summ/Tloc      N/A          1%          3    None
b - Abjuration            Summ           ######....   1%          3    None
c - Call Canine Familiar  Summ           ######..     1%          3    None
d - Summon Lightning Spi  Summ/Air       ######..     1%          4    #......
e - Summon Ice Beast      Ice/Summ       ######..     1%          4    #......
f - Summon Guardian Gole  Hex/Summ       ######..     1%          4    #......
g - Mephitic Cloud        Conj/Pois/Air  ##......     17%         3    None
h - Regeneration          Chrm/Necr      ##........   17%         3    None
i - Repel Missiles        Chrm/Air       ##....       10%         2    None


Dungeon Overview and Level Annotations

Branches:
Dungeon (12/15)            Temple (1/1) D:5            Lair (8/8) D:10
 Spider (0/5) Lair:3          Orc (4/4) D:11            Elf (3/3) Orc:4
  Swamp: Lair:3-6    Shoals: Lair:3-6     Slime: Lair:6-8

Altars:
Ashenzari
Cheibriados
Dithmenos
Elyvilon
Fedhas
Gozag
Kikubaaqudgha
Okawaru
Ru
Sif Muna
Trog
Vehumet
Yredelemnul
Zin
The Shining One
Beogh
Jiyva

Shops:
D:5 %[*   Orc:4 !=(*[   Elf:3 :=

Annotations:
Orc:4 Maurice


Innate Abilities, Weirdness & Mutations

You cannot wear armour.
You are incapable of wielding weapons or throwing items.
You have razor-sharp teeth.
You have supernaturally acute eyesight.
You are carnivorous and can eat meat at any time.
You cover ground quickly.
Your thick and shaggy fur keeps you warm (AC +3, rC+).
You have a slow metabolism.
Your paws have sharp claws that are effective at stabbing.


Message History

Confirm with . or Enter, or press ? or * to list all spells.
The deep elf blademaster hits you with a rapier.
The deep elf blademaster misses you.
Your ice beast hits the deep elf blademaster but does no damage.
Casting: Call Canine Familiar
Confirm with . or Enter, or press ? or * to list all spells.
A chill wind blows around you.
The deep elf blademaster hits you with a rapier!!
* * * LOW HITPOINT WARNING * * *
The deep elf blademaster hits you with a rapier!!
You die...
The balrug gestures at you. Something smites you!
Your warg closely misses the deep elf blademaster.
Your ice beast closely misses the deep elf blademaster.
The deep elf annihilator mumbles some strange words.
The deep elf annihilator blinks!
You are now level 11!
You rejoin the land of the living...
Are you sure you want to abandon this character and quit the game? (Confirm with "yes".)

#..#..######...#'#.......##
##...)# ###........####
####)# #.#.....## #.#
#.##...## ####.# #.###.##
#....# #.###.# #(####
#...#.# *** #.#
###.#.#***,******** #)#
#@#.#*,,,,,,,,,,** #.#
#.#.......,****,,* #.#
#########*** **,* #.# **,**
**,,, #.# **,,,****,,,, #.#
**,,,,,**,,,⌠, #.#
**,,,,,,.**,,,, #.#
**,,,,*,,ee**,,, #.#
*,,,,***,..,*#,*


There were no monsters in sight!

Vanquished Creatures
  A deep elf blademaster (Elf:3)
  An orc sorcerer (Orc:4)
  A deep elf mage (Elf:3)
  A centaur (D:11)
  A scorpion (Elf:3)
  An electric eel (Lair:8)
  An orc priest (Orc:4)
  An orc wizard (Orc:4)
  An adder (Lair:5)
  An adder skeleton (D:6)
  5 orcs
  4 bats
  3 kobolds
  A quokka (Lair:5)
  A giant newt (D:5)
  A goblin (Orc:3)
  4 rats
29 creatures vanquished.

Vanquished Creatures (collateral kills)
  An orc warlord (Orc:4)
  2 deep elf sorcerers (Elf:3)
  2 deep elf demonologists (Elf:3)
  2 deep elf annihilators (Elf:3)
  A deep elf death mage (Elf:3)
  A minotaur (Lab)
  7 hydras
  12 death yaks
  An orc high priest (Orc:4)
  Urug (Orc:4)
  A catoblepas (Lair:8)
  3 deep elf knights
  3 deep elf summoners
  A hill giant (D:11)
  2 orc knights (Orc:4)
  4 orc sorcerers
  3 deep elf conjurers
  A lindwurm (Lair:8)
  A griffon (Lair:7)
  2 cyclopes (D:11)
  A centaur zombie (D:10)
  Joseph (Orc:1)
  17 elephants
  A rust devil (Elf:3)
  4 black mambas
  4 komodo dragons
  Psyche (D:11)
  A centaur skeleton (D:10)
  A fire drake (Lair:7)
  19 spiny frogs
  2 deep elf priests
  A red devil (Elf:3)
  2 blue devils (IceCv)
  2 polar bears
  2 giant leeches (Lair:8)
  9 blink frogs
  A boulder beetle (Lair:6)
  2 basilisks
  38 yaks
  A wyvern (D:10)
  7 deep elf magi
  Eustachio (Orc:1)
  4 vampire mosquitoes (Lair:8)
  10 deep elf fighters
  8 hippogriffs
  Grum (Orc:4)
  A steam dragon (Lair:5)
  10 wargs
  3 swamp worms (Lair:4)
  5 wolves
  11 water moccasins
  18 orc warriors
  10 porcupines
  5 ice beasts
  6 phantoms
  2 ogres
  5 centaurs
  11 crocodiles
  A wandering mushroom (Lair:7)
  Sigmund (D:5)
  Blork the orc (D:5)
  A big kobold (D:9)
  40 giant frogs
  A gnoll sergeant (D:10)
  A scorpion (D:5)
  A water moccasin skeleton (D:9)
  3 electric eels (Lair:8)
  A jelly (D:10)
  16 orc priests
  A quasit (Orc:1)
  4 crimson imps
  3 giant frog skeletons
  6 hounds
  22 orc wizards
  9 iguanas
  6 worker ants
  A hell rat (Elf:1)
  2 sheep (D:11)
  A hound skeleton (D:8)
  A worker ant zombie (D:6)
  15 adders
  38 river rats
  7 gnolls
  2 shadow imps
  13 white imps
  3 worms
  3 adder skeletons
  A giant gecko (D:6)
  An ooze (D:5)
  100 orcs
  3 bats
  A bat zombie (D:5)
  A giant cockroach (D:4)
  8 goblins
  6 hobgoblins
  2 jackals (D:10)
  10 kobolds
  4 giant newts
  2 orc zombies (Orc:4)
  8 quokkas
  6 rats
  A ballistomycete (D:7)
  7 fungi
644 creatures vanquished.

Vanquished Creatures (others)
  A deep elf knight (Elf:2)
  A komodo dragon (Lair:7)
  2 trapdoor spiders (Elf:3)
  A deep elf mage (Elf:1)
  12 guardian golems
  20 wolves
  46 wargs
  A deep elf fighter (Elf:1)
  138 ice beasts
  3 spiders (Elf:3)
  18 crimson imps
  9 hounds
  3 iron imps
  An orc wizard (D:8)
  47 lightning spires
  5 shadow imps
  12 white imps
  An orc zombie (Orc:4)
  2 bats (D:2)
  A giant spore (D:7)
  3 quokkas
  5 rats
  9 fungi
  3 plants (Lair:8)
344 creatures vanquished.

Grand Total: 1017 creatures vanquished

Notes
Turn   | Place    | Note
--------------------------------------------------------------
     0 | D:1      | timbw, the Felid Summoner, began the quest for the Orb.
     0 | D:1      | Reached XP level 1. HP: 7/7 MP: 4/4
   143 | D:2      | Found an iron altar of Okawaru.
   244 | D:2      | Found a glowing golden altar of the Shining One.
   401 | D:2      | Reached XP level 2. HP: 11/11 MP: 0/5
   409 | D:2      | Learned a level 2 spell: Call Imp
   646 | D:3      | Found an ancient bone altar of Kikubaaqudgha.
   667 | D:4      | Found an opulent altar of Gozag.
   763 | D:4      | Reached skill level 5 in Summonings
   767 | D:4      | Reached XP level 3. HP: 14/14 MP: 0/8
   780 | D:4      | Learned a level 3 spell: Call Canine Familiar
   793 | D:4      | Found a shattered altar of Ashenzari.
   876 | D:4      | Noticed a phantom
   907 | D:4      | Killed a phantom
   907 | D:4      | Reached XP level 4. HP: 16/18 MP: 1/10
   984 | D:4      | Reached skill level 6 in Summonings
   991 | D:5      | Entered Level 5 of the Dungeon
  1000 | D:5      | Noticed a phantom
  1131 | D:4      | Killed a phantom
  1131 | D:4      | Reached XP level 5. HP: 3/21 MP: 0/12
  1193 | D:5      | Found a staircase to the Ecumenical Temple.
  1205 | D:5      | Noticed a centaur
  1731 | D:5      | Killed a centaur
  1731 | D:5      | Reached skill level 7 in Summonings
  1761 | Temple   | Entered the Ecumenical Temple
  1817 | D:5      | Noticed Sigmund
  1828 | D:5      | Killed Sigmund
  1828 | D:5      | Gained mutation: You are covered in thick fur (AC +2). [growing up]
  1828 | D:5      | Reached XP level 6. HP: 19/24 MP: 5/14
  1987 | D:5      | Noticed Blork the orc
  2010 | D:5      | Killed Blork the orc
  2028 | D:5      | Found a deep blue altar of Sif Muna.
  2033 | D:5      | Became a worshipper of Sif Muna the Loreminder
  2061 | D:5      | Reached skill level 8 in Summonings
  2065 | D:5      | Found Fintuizu's General Store.
  2090 | D:5      | Found Smauq's Food Emporium.
  2110 | D:5      | Found Elicilir's Antique Armour Emporium.
  2214 | D:6      | Reached XP level 7. HP: 27/27 MP: 1/17
  2542 | D:7      | Learned a level 4 spell: Summon Lightning Spire
  2614 | D:7      | Found a shadowy altar of Dithmenos.
  2905 | D:8      | Found a bloodstained altar of Trog.
  3041 | D:9      | Acquired Sif Muna's first power
  3204 | D:10     | Entered Level 10 of the Dungeon
  3232 | D:10     | Noticed a deep elf mage
  3242 | D:10     | Killed a deep elf mage
  3242 | D:10     | Reached skill level 9 in Summonings
  3242 | D:10     | Reached XP level 8. HP: 24/31 MP: 8/20
  3345 | D:10     | Found a staircase to the Lair.
  3375 | D:10     | Reached skill level 5 in Stealth
  3411 | D:11     | Reached skill level 5 in Dodging
  3553 | D:10     | Learned a level 4 spell: Summon Ice Beast
  3558 | D:10     | Noticed a yak
  3559 | D:10     | Noticed a yak
  3566 | D:10     | Killed a yak
  3577 | D:10     | Killed a yak
  3597 | D:10     | Noticed a centaur zombie
  3614 | D:10     | Killed a centaur zombie
  3614 | D:10     | Acquired Sif Muna's second power
  3614 | D:10     | Reached skill level 10 in Summonings
  3650 | D:10     | Noticed a centaur skeleton
  3658 | D:10     | Killed a centaur skeleton
  3658 | D:10     | Reached XP level 9. HP: 24/34 MP: 18/23
  3690 | D:10     | Noticed a wyvern
  3701 | D:10     | Killed a wyvern
  3840 | Lair:1   | Entered Level 1 of the Lair of Beasts
  3926 | Lair:1   | Found a frozen archway.
  4012 | IceCv    | Entered an ice cave
  4116 | IceCv    | Noticed an ice devil
  4379 | Lair:1   | Noticed a komodo dragon
  4396 | Lair:1   | Killed a komodo dragon
  4396 | Lair:1   | Reached skill level 5 in Spellcasting
  4424 | Lair:1   | Noticed a black mamba
  4436 | Lair:1   | Killed a black mamba
  4451 | Lair:1   | Reached skill level 11 in Summonings
  4598 | Lair:1   | Noticed a spiny frog
  4604 | Lair:1   | Killed a spiny frog
  4681 | Lair:2   | Noticed a komodo dragon
  4690 | Lair:2   | Killed a komodo dragon
  4736 | Lair:2   | Noticed a spiny frog
  4745 | Lair:2   | Killed a spiny frog
  4808 | Lair:3   | Reached XP level 10. HP: 37/37 MP: 13/26
  4931 | Lair:3   | Found a hole to the Spider Nest.
  4961 | Lair:3   | Noticed a black mamba
  4971 | Lair:3   | Killed a black mamba
  4971 | Lair:3   | Reached skill level 1 in Invocations
  4996 | Lair:3   | Noticed a six-headed hydra
  5008 | Lair:3   | Killed a six-headed hydra
  5329 | Lair:3   | Acquired Sif Muna's third power
  5489 | Lair:3   | Reached skill level 12 in Summonings
  5914 | Lair:5   | Noticed a black mamba
  5927 | Lair:5   | Killed a black mamba
  6022 | Lair:5   | Noticed a death yak
  6024 | Lair:5   | Noticed a death yak
  6024 | Lair:5   | Noticed a death yak
  6030 | Lair:5   | Noticed a death yak
  6034 | Lair:5   | Noticed a death yak
  6036 | Lair:5   | Noticed a death yak
  6039 | Lair:5   | Killed a death yak
  6039 | Lair:5   | Reached skill level 1 in Fighting
  6083 | Lair:5   | Killed a death yak
  6107 | Lair:5   | Killed a death yak
  6109 | Lair:5   | Noticed a four-headed hydra
  6174 | Lair:5   | Killed a death yak
  6179 | Lair:5   | Killed a death yak
  6179 | Lair:5   | Reached XP level 11. HP: 43/43 MP: 2/28
  6283 | Lair:5   | Killed a death yak
  6336 | Lair:5   | Killed a four-headed hydra
  6462 | Lair:5   | Learned a level 4 spell: Summon Guardian Golem
  6466 | Lair:5   | Learned a level 3 spell: Mephitic Cloud
  6762 | Lair:6   | Reached skill level 10 in Dodging
  6892 | Lair:6   | Found a labyrinth entrance.
  6922 | Lab      | Entered a labyrinth
  8461 | Lab      | Noticed a minotaur
  8479 | Lab      | Killed a minotaur
  8479 | Lab      | Reached skill level 13 in Summonings
  8504 | Lab      | Learned a level 3 spell: Regeneration
  8511 | Lair:6   | Noticed a seven-headed hydra
  8527 | Lair:6   | Killed a seven-headed hydra
  8725 | Lair:6   | Noticed an eight-headed hydra
  8733 | Lair:6   | Killed an eight-headed hydra
  9003 | Lair:7   | Noticed a death yak
  9008 | Lair:7   | Noticed an eight-headed hydra
  9018 | Lair:7   | Killed an eight-headed hydra
  9018 | Lair:7   | Reached skill level 14 in Summonings
  9096 | Lair:7   | Noticed a death yak
  9107 | Lair:7   | Noticed a death yak
  9108 | Lair:7   | Noticed a death yak
  9110 | Lair:7   | Noticed a death yak
  9110 | Lair:7   | Noticed a death yak
  9110 | Lair:7   | Killed a death yak
  9110 | Lair:7   | Received a gift from Sif Muna
  9112 | Lair:7   | Identified Sif Muna's Reference Book on Helpful Air (Sif Muna gifted it to you on level 7 of the Lair of Beasts)
  9116 | Lair:7   | Killed a death yak
  9187 | Lair:7   | Killed a death yak
  9196 | Lair:7   | Killed a death yak
  9196 | Lair:7   | Gained mutation: Your thick and shaggy fur keeps you warm (AC +3, rC+). [growing up]
  9196 | Lair:7   | Reached XP level 12. HP: 45/48 MP: 7/29
  9306 | Lair:7   | Killed a death yak
  9313 | Lair:7   | Killed a death yak
  9445 | Lair:7   | Found a viscous altar of Jiyva.
  9522 | Lair:8   | Entered Level 8 of the Lair of Beasts
  9550 | Lair:8   | Noticed an eight-headed hydra
  9593 | Lair:8   | Killed an eight-headed hydra
  9624 | Lair:8   | Learned a level 2 spell: Repel Missiles
  9887 | Lair:8   | Reached skill level 15 in Summonings
 10171 | Lair:8   | Reached skill level 1 in Evocations
 10228 | Lair:8   | Received a gift from Sif Muna
 10231 | Lair:8   | Identified Sif Muna's Incunabulum of the Entourage (Sif Muna gifted it to you on level 8 of the Lair of Beasts)
 10913 | D:11     | Noticed a cyclops
 10915 | D:11     | HP: 1/48 [cyclops/large rock (47)]
 10970 | D:11     | Noticed Psyche
 11018 | D:11     | Killed Psyche
 11146 | D:11     | Noticed a seven-headed hydra
 11154 | D:11     | Killed a seven-headed hydra
 11162 | D:11     | Killed a cyclops
 11198 | D:11     | Noticed a cyclops
 11210 | D:11     | Killed a cyclops
 11302 | D:11     | Found a staircase to the Orcish Mines.
 11325 | D:11     | Noticed a hill giant
 11333 | D:11     | Killed a hill giant
 11370 | Orc:1    | Entered Level 1 of the Orcish Mines
 11370 | Orc:1    | Noticed Eustachio
 11409 | Orc:1    | Noticed Joseph
 11424 | Orc:1    | Killed Eustachio
 11445 | Orc:1    | Killed Joseph
 11788 | Orc:2    | Learned a level 3 spell: Recall
 12086 | Orc:3    | Reached XP level 13. HP: 48/51 MP: 32/32
 12245 | Orc:4    | Entered Level 4 of the Orcish Mines
 12311 | Orc:4    | Found Khism's Distillery.
 12330 | Orc:4    | Bought a potion of haste for 150 gold pieces
 12330 | Orc:4    | Bought a potion of haste for 150 gold pieces
 12397 | Orc:4    | Noticed an orc warlord
 12432 | Orc:4    | Killed an orc warlord
 12657 | Orc:4    | Noticed Urug
 12874 | Orc:4    | Found a roughly hewn altar of Beogh.
 12892 | Orc:4    | Killed Urug
 12913 | Orc:4    | Reached skill level 5 in Invocations
 12938 | Orc:4    | Found Vuezoeb's Jewellery Emporium.
 12958 | Orc:4    | Found Taytor's General Store.
 12973 | Orc:4    | Found Ghefuxo's Antique Armour Emporium.
 12998 | Orc:4    | Found Mnarr's Antique Weapon Emporium.
 13021 | Orc:4    | Bought the ring of Famogiun {Ice rPois Int+3 Slay-4} for 359 gold pieces
 13021 | Orc:4    | Bought an uncursed ring of sustain abilities for 245 gold pieces
 13021 | Orc:4    | Bought an uncursed amulet of faith for 560 gold pieces
 13044 | Orc:4    | Noticed Maurice
 13119 | Orc:4    | Found a staircase to the Elven Halls.
 13135 | Orc:4    | Noticed Grum
 13148 | Orc:4    | Killed Grum
 13228 | Elf:1    | Entered Level 1 of the Elven Halls
 13612 | Elf:3    | Entered Level 3 of the Elven Halls
 13625 | Elf:3    | Found Leamus' Book Emporium.
 13711 | Elf:3    | Reached skill level 5 in Evocations
 13928 | Elf:3    | Noticed a deep elf annihilator
 13939 | Elf:3    | Killed a deep elf annihilator
 13939 | Elf:3    | Reached skill level 5 in Fighting
 13942 | Elf:3    | Noticed a deep elf sorcerer
 13944 | Elf:3    | Killed a deep elf sorcerer
 13975 | Elf:3    | Noticed a deep elf sorcerer
 13985 | Elf:3    | Killed a deep elf sorcerer
 14018 | Elf:3    | Noticed a deep elf blademaster
 14022 | Elf:3    | Noticed a deep elf annihilator
 14065 | Elf:3    | Noticed a deep elf annihilator
 14158 | Elf:3    | Slain by a deep elf blademaster
 14159 | Elf:3    | Reached XP level 12. HP: -5/51 MP: 2/41
 14210 | Elf:3    | Killed a deep elf blademaster
 14214 | Elf:3    | Killed a deep elf annihilator
 14218 | Elf:3    | Got an ancient amber ring
 14221 | Elf:3    | Lost strength.
 14221 | Elf:3    | Identified the ring "Wafrior" {+Fly rPois MR+ Str-5} (You took it off a deep elf blademaster on level 3 of the Elven Halls)
 14249 | Elf:3    | Found Oste's Jewellery Shoppe.
 14275 | Elf:3    | Noticed a deep elf demonologist
 14312 | Elf:3    | Noticed an Executioner
 14321 | Elf:3    | Learned a level 3 spell: Abjuration
 14323 | Elf:3    | Noticed an Executioner
 14325 | Elf:3    | Noticed a green death
 14348 | Elf:3    | Killed a deep elf demonologist
 14432 | Elf:3    | Noticed a deep elf demonologist
 14435 | Elf:3    | Noticed a hell beast
 14443 | Elf:3    | Killed a deep elf demonologist
 14461 | Elf:3    | Noticed a deep elf blademaster
 14467 | Elf:3    | Noticed a deep elf demonologist
 14468 | Elf:3    | Noticed a balrug
 14476 | Elf:3    | Noticed a deep elf master archer
 14484 | Elf:3    | Demolished by a deep elf blademaster
 14485 | Elf:3    | Reached XP level 11. HP: -21/48 MP: 11/40
 14485 | Elf:3    | Quit the game

Action                   |  1- 3 |  4- 6 |  7- 9 | 10-12 | 13-15 || total
-------------------------+-------+-------+-------+-------+-------++-------
Melee: Unarmed           |    23 |    23 |    31 |   101 |    28 ||   206
 Cast: Summon Small Mamm |    15 |       |    10 |     2 |       ||    27
       Call Imp          |    15 |    26 |    47 |    17 |     5 ||   110
       Call Canine Famil |     1 |    19 |    36 |    78 |    32 ||   166
       Summon Lightning  |       |       |    14 |    90 |    37 ||   141
       Summon Ice Beast  |       |       |    31 |   316 |   120 ||   467
       Regeneration      |       |       |       |    27 |    20 ||    47
       Summon Guardian G |       |       |       |     6 |    10 ||    16
       Repel Missiles    |       |       |       |     5 |     1 ||     6
       Mephitic Cloud    |       |       |       |     1 |     1 ||     2
Invok: Channel Energy    |       |       |    82 |   417 |   174 ||   673
       Forget Spell      |       |       |       |     2 |       ||     2
Evoke: Wand              |       |     4 |       |     9 |     2 ||    15
       Sack of spiders   |       |       |       |     1 |     1 ||     2
  Use: Scroll            |     3 |     4 |     9 |    16 |     3 ||    35
       Potion            |       |     1 |       |     5 |     5 ||    11
 Stab: Sleeping          |     3 |       |     1 |     4 |       ||     8
       Distracted        |       |       |       |     1 |       ||     1
  Eat: Chunk             |     4 |     5 |    29 |    97 |    27 ||   162
       Meat ration       |       |       |       |     1 |       ||     1
       Beef jerky        |       |       |       |       |     2 ||     2
